 Dungeon Crawl Stone Soup version 0.29-a0-194-g6e3aafee17 (webtiles) character file.

Game seed: 14252092156749688939

555 bande the Chopper (level 7, -1/44 HPs)
             Began as a Gargoyle Fighter on Feb 22, 2022.
             Slain by a killer bee (5 damage)
             ... on level 4 of the Dungeon.
             The game lasted 00:08:42 (6317 turns).

bande the Chopper (Gargoyle Fighter)                Turns: 6317, Time: 00:08:43

Health: -1/44      AC: 17    Str: 20    XL:     7   Next: 30%
Magic:  7/7        EV:  9    Int:  8    God:
Gold:   243        SH:  4    Dex: 11    Spells: 6/6 levels left

rFire   . . .      SeeInvis .   a - +0 war axe
rCold   . . .      Faith    .   c - +0 buckler
rNeg    + . .      Spirit   .   p - +0 plate armour
rPois   ∞          Reflect  .   (no helmet)
rElec   +          Harm     .   (no cloak)
rCorr   .          Rampage  .   (no gloves)
Will    .....                   (no boots)
Stlth   ..........              (no amulet)
HPRegen 0.14/turn               n - +4 ring of evasion
MPRegen 0.10/turn               (no ring)

@: studying Bows
A: sickness immunity, AC +4, negative energy resistance 1, electricity
resistance, torment resistance 1, petrification resistance
a: no special abilities


You were on level 4 of the Dungeon.
You visited 1 branch of the dungeon, and saw 5 of its levels.

You collected 243 gold pieces.

Inventory:

Hand Weapons
 a - a +0 war axe (weapon)
 j - a +0 war axe
 l - a +0 flail
Missiles
 e - 2 throwing nets (quivered)
Armour
 b - a +0 scale mail
 c - a +0 buckler (worn)
 p - a +0 plate armour (worn)
Jewellery
 k - an amulet of faith
 n - a +4 ring of evasion (left hand)
Scrolls
 h - 2 scrolls of magic mapping
 i - a scroll of identify
 m - a scroll of blinking
Potions
 d - a potion of might
 f - a potion of cancellation
 g - 2 potions of curing
 o - a potion of heal wounds


   Skills:
 + Level 4.6 Fighting
 + Level 5.2 Axes
 + Level 5.0 Armour
 + Level 4.2 Shields


You had 6 spell levels left.
You didn't know any spells.
Your spell library contained the following spells:

 Spells                   Type           Power      Damage    Failure   Level
 Freeze                   Ice            0%         1d3       100%        1
 Magic Dart               Conj           0%         1d3       100%        1
 Summon Small Mammal      Summ           0%         N/A       100%        1
 Call Imp                 Summ           0%         N/A       100%        2
 Call Canine Familiar     Summ           0%         N/A       100%        3
 Frozen Ramparts          Ice            0%         1d2       100%        3
 Mephitic Cloud           Conj/Pois/Air  0%         N/A       100%        3
 Summon Guardian Golem    Hex/Summ       0%         N/A       100%        3
 Hailstorm                Conj/Ice       0%         3d3       100%        4


Dungeon Overview and Level Annotations

Branches:
Dungeon (5/15)
 Temple: D:4-7

Altars:
Nemelex Xobeh
Vehumet
Xom
Yredelemnul
The Shining One

Annotations:
D:3 exclusion: statue


Innate Abilities, Weirdness & Mutations

You are immune to sickness and miasma.
Your stone body is resilient. (AC +4)
You are immune to poison.
You resist negative energy. (rN+)
You are resistant to electric shocks. (rElec)
You are resistant to unholy torment.
You are immune to petrification.


Message History

You barely miss the killer bee. The killer bee stings you.
You block the killer bee's attack. The killer bee stings you.
You hit the killer bee.
The killer bee is lightly wounded.
The killer bee stings you. You block the killer bee's attack.
You miss the killer bee.
The killer bee is lightly wounded.
The killer bee stings you but does no damage. x2
The killer bee barely misses you.
You slash the killer bee!
The killer bee is almost dead.
The killer bee barely misses you. The killer bee stings you.
* * * LOW HITPOINT WARNING * * *
You closely miss the killer bee.
The killer bee is almost dead.
The killer bee stings you but does no damage. x2
The killer bee stings you.
* * * LOW HITPOINT WARNING * * *
You barely miss the killer bee.
The killer bee is almost dead.
The killer bee stings you but does no damage. x3
You miss the killer bee.
The killer bee is almost dead.
You block the killer bee's attack. The killer bee stings you.
* * * LOW HITPOINT WARNING * * *
You barely miss the killer bee.
The killer bee is almost dead.
The killer bee stings you but does no damage.
You block the killer bee's attack.
The killer bee stings you but does no damage.
You miss the killer bee.
The killer bee is almost dead.
The killer bee stings you.
* * * LOW HITPOINT WARNING * * *
The killer bee closely misses you.
The killer bee stings you but does no damage.
You barely miss the killer bee.
The killer bee is almost dead.
You block the killer bee's attack. The killer bee stings you.
You die...

#.# #.#######.....###) #.#
#.......'.....+.'[ #.#
#.#######.....###. #.# #.#
#.....# #. #.# #.# #.....# #.
#.####.#######.....###.
#.#....................
#.#.##)###############.
#.#[##@y...............
#.#.#########.........)
###.#.# #.........#
#...#.#########.........#
######.#.#......##..^........#
#............................#
#.#.#######'#######..........#
#.#.# #.# #..........# #.#.#
#####.##### #..#########


You could see a killer bee.

Vanquished Creatures
  An ice beast (D:4)
  A sky beast (D:4)
  A scorpion (D:4)
  2 orc priests (D:4)
  A bullfrog skeleton (D:4)
  A scorpion zombie (D:5)
  An orc wizard (D:5)
  A hound skeleton (D:4)
  4 gnolls
  An adder (D:3)
  A worm (D:2)
  A dart slug (D:2)
  12 orcs
  13 ball pythons
  4 endoplasms
  4 giant cockroaches
  13 goblins
  12 hobgoblins
  2 jackals (D:4)
  3 quokkas
  3 bats (D:1)
  4 frilled lizards
  8 kobolds
  5 rats
99 creatures vanquished.

Notes
Turn   | Place    | Note
-------+----------+-------------------------------------------
     0 | D:1      | bande the Gargoyle Fighter began the quest for the Orb.
     0 | D:1      | Reached XP level 1. HP: 14/14 MP: 1/1
   505 | D:1      | Reached XP level 2. HP: 19/19 MP: 2/2
   527 | D:1      | Found a faded altar of an unknown god.
   534 | D:1      | Got Plato's Papyrus of Summoning
  1514 | D:2      | Reached XP level 3. HP: 20/23 MP: 3/3
  2064 | D:1      | Reached XP level 4. HP: 17/29 MP: 4/4
  3163 | D:3      | Found a sparkling altar of Nemelex Xobeh.
  3232 | D:3      | Reached XP level 5. HP: 30/33 MP: 5/5
  4054 | D:3      | Found a radiant altar of Vehumet.
  4055 | D:3      | Noticed a charred statue
  4749 | D:4      | Reached XP level 6. HP: 34/38 MP: 6/6
  4853 | D:4      | Noticed an ice beast
  4864 | D:4      | Killed an ice beast
  5251 | D:4      | Found a glowing golden altar of the Shining One.
  5309 | D:4      | Found a basalt altar of Yredelemnul.
  5389 | D:4      | Found a shimmering altar of Xom.
  5705 | D:5      | Entered Level 5 of the Dungeon
  5705 | D:5      | Noticed a sky beast
  5737 | D:4      | Killed a sky beast
  5738 | D:4      | Reached skill level 5 in Axes
  5738 | D:4      | Reached XP level 7. HP: 36/44 MP: 7/7
  6147 | D:5      | Reached skill level 5 in Armour
  6317 | D:4      | Slain by a killer bee

Illustrated notes

Levels and vault maps discovered:
D:1:      dpeg_arrival_shelter, layout_basic,
          shapermc_ecumenical_altar_rom_forum
D:2:      layout_rooms, grunt_decor_clamped, minmay_heptomino_w4
D:3:      layout_rooms, vehumet_statue, lemuel_round_altar
D:4:      cheibrodos_pilgrimage, layout_basic, yredelemnul_altar_generic,
          lemuel_round_altar, general_overflow_altar, minmay_door_square
D:5:      layout_gridville

Skill      XL: |  1  2  3  4  5  6  7 |
---------------+----------------------+-----
Axes           | 2 3 5 |  5.2
Armour         | 4 5 |  5.0
Fighting       | 4 |  4.6
Shields        | 4 |  4.2

Action                   |  1- 3 |  4- 6 |  7- 9 || total
-------------------------+-------+-------+-------++-------
Melee: War axe           |   104 |   190 |    43 ||   337
  Use: Scroll            |       |     8 |     2 ||    10
Armor: Scale mail        |    62 |   118 |     2 ||   182
       Plate armour      |       |       |    58 ||    58
Dodge: Dodged            |    51 |    91 |    25 ||   167
Block: Buckler           |    28 |    35 |    16 ||    79

Table legend: (Time is in decaauts)
 A = Elapsed time spent in this place.
 B = Non-inter-level travel time spent in this place.
 C = Inter-level travel time spent in this place.
 D = Time resting spent in this place.
 E = Time spent auto-exploring this place.
 F = Levels seen in this place.
 G = Mean time per level.
                   A        B        C        D        E       F      G
               +--------+--------+--------+--------+--------+-----+--------+
         Total |   6451 |   6387 |     64 |   2075 |   3154 |   5 | 1290.2 |
       Dungeon |   6451 |   6387 |     64 |   2075 |   3154 |   5 | 1290.2 |
               +--------+--------+--------+--------+--------+-----+--------+

Top non-repeatable levels by time:
     D:4: 2120 daAuts
     D:1: 1960 daAuts
     D:2: 1158 daAuts
     D:3: 938 daAuts
     D:5: 273 daAuts
